 Dungeon Crawl Stone Soup version 0.26-a0-639-g72c4674329 (webtiles) character file.

Game seed: 16698283038335057322

36006 Flugslaktarn the Cleaver (level 13, 45/127 HPs)
             Began as a Deep Dwarf Fighter on Sept 24, 2020.
             Was a High Priest of Makhleb.
             Quit the game on level 15 of the Dungeon.
             The game lasted 00:09:10 (9496 turns).

Flugslaktarn the Cleaver (Deep Dwarf Fighter)       Turns: 9496, Time: 00:09:11

Health: 45/127     AC: 19    Str: 24    XL:     13   Next: 50%
Magic:  0/0        EV:  6    Int: 10    God:    Makhleb [*****.]
Gold:   891        SH: 12    Dex: 12    Spells: 12/12 levels left

rFire    . . .     SeeInvis .   a - +1 war axe
rCold    . . .     Faith    .   c - +0 kite shield
rNeg     . . .     Spirit   .   m - +0 plate armour
rPois    +         Reflect  .   (no helmet)
rElec    .         Harm     .   g - +2 cloak
rCorr    .         Rampage  .   (no gloves)
MR       +....                  i - +0 pair of boots
Stlth    ..........             (no amulet)
HPRegen  0.00/turn              o - ring of poison resistance
MPRegen  0.07/turn              (no ring)

@: non-regenerating
A: damage resistance, heal wounds, sense surroundings 2, no regeneration
a: Heal Wounds, Minor Destruction, Lesser Servant of Makhleb, Major Destruction,
Greater Servant of Makhleb, Renounce Religion


You were on level 15 of the Dungeon.
You worshipped Makhleb.
Makhleb was extremely pleased with you.
You visited 2 branches of the dungeon, and saw 15 of its levels.
You also visited: Ossuary.

You collected 891 gold pieces.

Inventory:

Hand Weapons
 a - a +1 war axe (weapon)
 y - a +1 flail of distortion
   (You took it off an orc on level 7 of the Dungeon)
Missiles
 C - a throwing net (quivered)
Armour
 b - a +0 scale mail
 c - a +0 kite shield (worn)
 e - a +0 chain mail
   (You found it on level 1 of the Dungeon)
 g - a +2 cloak (worn)
   (You took it off Crazy Yiuf on level 5 of the Dungeon)
 i - a +0 pair of boots (worn)
   (You found it on level 9 of the Dungeon)
 m - a +0 plate armour (worn)
   (You found it on level 6 of the Dungeon)
Jewellery
 o - a ring of poison resistance (left hand)
   (You found it on level 1 of the Dungeon)
 G - an uncursed ring of protection from cold {unknown}
   (You found it on level 15 of the Dungeon)
Wands
 s - a wand of paralysis (33)
   (You found it on level 7 of the Dungeon)
 A - a wand of enslavement (22)
   (You found it on level 7 of the Dungeon)
 D - a wand of iceblast (13)
   (You took it off a kobold on level 12 of the Dungeon)
 F - a wand of acid (5)
   (You found it on level 12 of the Dungeon)
Scrolls
 f - a scroll of immolation
 l - 2 scrolls of magic mapping
 p - 3 scrolls of enchant armour
 r - 4 scrolls of identify
 t - 2 scrolls of teleportation
 u - 3 scrolls of enchant weapon
 x - 6 scrolls of remove curse
 z - 4 scrolls of blinking
Potions
 d - 3 potions of might
 h - 4 potions of haste
 j - 5 potions of flight
 k - a potion of berserk rage {unknown}
 n - a potion of resistance
 q - 7 potions of curing
 v - 4 potions of ambrosia
 w - 4 potions of heal wounds
 B - 2 potions of cancellation {unknown}
 E - 2 potions of degeneration {unknown}
 H - a potion of magic {unknown}


   Skills:
 * Level 11.6 Fighting
 * Level 13.3 Axes
 + Level 10.0 Armour
 + Level 10.2 Shields
 + Level 9.7 Invocations
 + Level 9.1 Evocations


You had 12 spell levels left.
You didn't know any spells.
Your spell library was empty.

Dungeon Overview and Level Annotations

Branches:
Dungeon (13/15)            Temple (1/1) D:5            Lair (0/6) D:11
    Orc (0/2) D:9          Depths (0/5) D:15        Ossuary (visited)
 Vaults: D:13-14

Altars:
Ashenzari
Cheibriados
Dithmenos
Elyvilon
Fedhas
Gozag
Hepliaklqana
Kikubaaqudgha
Makhleb
Nemelex Xobeh
Okawaru
Qazlal
Ru
Trog
Uskayaw
Vehumet
Wu Jian
Xom
Yredelemnul
Zin
The Shining One

Shops:
D:8 =

Annotations:
D:11 exclusion: oklob plant


Innate Abilities, Weirdness & Mutations

You are resistant to damage.
You can heal yourself by infusing magical energy.
You passively map the area around you.
You do not regenerate.


Message History

You now have 868 gold pieces (gained 21).
You now have 891 gold pieces (gained 23).
E - 2 pink potions (gained 1)
There is an open door here.
You open the door.
There is an open door here.
You open the door.
There is an open door here.
You see here a robe.
There is an open door here.
Done exploring.
Done exploring.
Done exploring.
Done exploring.
Done exploring.
No target in view!
Search for what [Enter for "."]? axe Search for what [Enter for "axe", or ? for help]? plate Unknown command.
Are you sure you want to abandon this character and quit the game? (Confirm with "yes".)

#....#......##........#......
#....#.......#........#......
###..###.......#........#......
#....#...#####.#........#......
#....#...# #.#........#......
#....'...# #.#........#....))
#....#...# #.#........#......
#....#...# #.#........#......
#....#...#####@#........#......
#....#.........#.......##......
#....###########.....)^#.......
#......................'.......
#......................#.......
#......................########
######.........................
#.........................
#.....#+###..#######......


There were no monsters in sight!

Vanquished Creatures
  Fannar (D:11)
  A rakshasa (D:15)
  A hydra (D:10)
  9 two-headed ogres
  Erica (D:11)
  A death knight (D:15)
  An ogre mage (D:15)
  Urug (D:11)
  A glowing orange brain (D:15)
  Pikel (D:4)
  An unseen horror (D:13)
  7 ugly things
  2 manticores
  A gargoyle (D:13)
  A kobold demonologist (D:12)
  3 yaktaurs (D:15)
  A troll (D:10)
  3 meliai (D:15)
  Grinder (D:4)
  16 slime creatures
  6 hippogriffs
  A meliai zombie (D:15)
  2 wyverns
  Sigmund (D:4)
  Eustachio (D:5)
  5 yaks
  2 basilisks (D:15)
  A steam dragon (D:7)
  11 vampire mosquitoes
  An acid dragon (D:15)
  Duvessa (D:4)
  A soldier ant (D:12)
  9 orc warriors
  5 sky beasts
  An eye of draining (D:10)
  7 ogres
  5 ice beasts
  2 boggarts (D:15)
  3 centaurs
  A phantom (D:4)
  A crocodile (D:10)
  5 big kobolds
  Blork the orc (D:5)
  13 bullfrogs
  A wyvern skeleton (D:12)
  11 scorpions
  Dowan (D:4)
  15 killer bees
  16 wights
  4 electric eels
  10 howler monkeys
  3 bullfrog zombies
  5 centaur zombies
  5 hounds
  A jelly (D:6)
  A quasit (D:11)
  4 orc priests
  2 bullfrog skeletons
  Crazy Yiuf (D:5)
  6 centaur skeletons
  A human zombie (Ossuary)
  5 iguanas
  11 orc wizards
  7 worker ants
  3 big kobold zombies (Ossuary)
  2 hound skeletons
  2 mummies (Ossuary)
  4 worker ant zombies
  A howler monkey skeleton (D:9)
  4 adders
  4 shadow imps
  2 white imps
  3 ufetubi
  3 oozes
  3 adder zombies
  An adder skeleton (D:5)
  2 worms
  A dart slug (D:1)
  7 leopard geckos
  38 orcs
  4 bats
  A giant cockroach (D:1)
  5 goblins
  5 hobgoblins (D:1)
  8 jackals
  15 kobolds
  2 quokkas
  2 frilled lizards
  3 goblin zombies (Ossuary)
  9 hobgoblin zombies (Ossuary)
  12 kobold zombies (Ossuary)
  6 orc zombies (Ossuary)
  A quokka zombie (D:6)
  2 rats (D:1)
  A rat zombie (Ossuary)
406 creatures vanquished.

Vanquished Creatures (collateral kills)
  A hydra (D:15)
  A two-headed ogre (D:12)
  An orb spider (shapeshifter) (D:15)
  A centaur skeleton (D:15)
  A wind drake (shapeshifter) (D:15)
  5 slime creatures
  A bullfrog (D:15)
  A wight (D:10)
  A howler monkey (D:12)
  An orc (D:11)
14 creatures vanquished.

Vanquished Creatures (others)
  An ugly thing (D:15)
  A boggart (D:15)
  4 orcs
  17 plants
23 creatures vanquished.

Grand Total: 443 creatures vanquished

Notes
Turn   | Place    | Note
-------+----------+-------------------------------------------
     0 | D:1      | Flugslaktarn the Deep Dwarf Fighter began the quest for the
                  | Orb.
     0 | D:1      | Reached XP level 1. HP: 20/20 MP: 1/1
    87 | D:1      | Reached XP level 2. HP: 21/27 MP: 2/2
   327 | D:2      | Found a shattered altar of Ashenzari.
   364 | D:2      | Reached XP level 3. HP: 27/34 MP: 3/3
   377 | D:2      | Reached skill level 3 in Axes
   495 | D:4      | Noticed a phantom
   536 | D:4      | Killed a phantom
   536 | D:4      | Reached XP level 4. HP: 44/44 MP: 3/3
   563 | D:4      | Reached XP level 5. HP: 44/50 MP: 4/4
   657 | D:4      | Noticed Dowan
   658 | D:4      | Noticed Duvessa
   660 | D:4      | Noticed Grinder
   668 | D:4      | Killed Dowan
   668 | D:4      | Reached skill level 4 in Axes
   671 | D:4      | Paralysed by Grinder for 2 turns
   680 | D:4      | Paralysed by Grinder for 3 turns
   688 | D:4      | Killed Duvessa
   688 | D:4      | Reached XP level 6. HP: 38/57 MP: 3/3
   691 | D:4      | Killed Grinder
   691 | D:4      | Reached skill level 5 in Axes
   800 | D:4      | Noticed Sigmund
   805 | D:4      | Killed Sigmund
   805 | D:4      | Reached skill level 5 in Fighting
   805 | D:4      | Reached XP level 7. HP: 32/67 MP: 4/4
   948 | D:4      | Noticed Pikel
   998 | D:5      | Entered Level 5 of the Dungeon
  1035 | D:4      | Killed Pikel
  1035 | D:4      | Reached skill level 6 in Axes
  1035 | D:4      | Reached skill level 5 in Armour
  1035 | D:4      | Reached skill level 5 in Shields
  1035 | D:4      | Reached XP level 8. HP: 46/76 MP: 5/5
  1494 | D:5      | Reached skill level 7 in Axes
  1524 | D:5      | Found a sand-covered staircase.
  1589 | Ossuary  | Entered an ossuary
  1796 | D:5      | Found a sacrificial altar of Ru.
  1839 | D:5      | Found a staircase to the Ecumenical Temple.
  1859 | Temple   | Entered the Ecumenical Temple
  2041 | Temple   | Became a worshipper of Makhleb the Destroyer
  2091 | D:5      | Noticed Eustachio
  2113 | D:5      | Killed Eustachio
  2113 | D:5      | Reached skill level 1 in Invocations
  2341 | D:5      | Noticed Blork the orc
  2357 | D:5      | Killed Blork the orc
  2591 | D:5      | Found a runed translucent door.
  2592 | D:5      | Noticed Crazy Yiuf
  2778 | D:5      | Killed Crazy Yiuf
  2778 | D:5      | Gained mutation: You passively map the area around you.
                  | [Deep Dwarf growth]
  2778 | D:5      | Reached XP level 9. HP: 53/85 MP: 6/6
  2969 | D:6      | Reached skill level 8 in Axes
  3109 | D:6      | Reached * piety under Makhleb
  3137 | D:6      | You fall into a shaft and drop 1 floor!
  3216 | D:7      | Found a shadowy altar of Dithmenos.
  3738 | D:7      | Reached skill level 1 in Evocations
  3894 | D:7      | Found a hazy altar of Hepliaklqana.
  4622 | D:8      | Reached skill level 9 in Axes
  4690 | D:8      | Reached ** piety under Makhleb
  4707 | D:8      | Reached XP level 10. HP: 69/96 MP: 5/5
  5001 | D:8      | Found Baona's Jewellery Shop.
  5576 | D:9      | Reached skill level 5 in Invocations
  5747 | D:9      | Found an ancient bone altar of Kikubaaqudgha.
  5752 | D:9      | Reached *** piety under Makhleb
  6056 | D:9      | Found a staircase to the Orcish Mines.
  6165 | D:9      | Found an iron altar of Okawaru.
  6165 | D:9      | Found a sacrificial altar of Ru.
  6170 | D:9      | Found a hide-covered altar of Uskayaw.
  6172 | D:9      | Found a stormy altar of Qazlal.
  6174 | D:9      | Found a bloodstained altar of Trog.
  6220 | D:10     | Entered Level 10 of the Dungeon
  6343 | D:10     | Reached skill level 10 in Axes
  6406 | D:10     | Reached XP level 11. HP: 96/106 MP: 5/5
  6414 | D:10     | Reached **** piety under Makhleb
  6573 | D:10     | Reached skill level 5 in Evocations
  6828 | D:11     | Noticed Urug
  6828 | D:11     | Noticed a two-headed ogre
  6833 | D:11     | Noticed a red ugly thing
  6961 | D:11     | Noticed a two-headed ogre
  6961 | D:11     | Noticed a four-headed hydra
  6971 | D:10     | Killed a two-headed ogre
  6987 | D:10     | Killed a red ugly thing
  7031 | D:10     | Killed a 12-headed hydra
  7055 | D:11     | Noticed Erica
  7078 | D:10     | Killed a two-headed ogre
  7078 | D:10     | Reached skill level 11 in Axes
  7114 | D:11     | Noticed Fannar
  7134 | D:11     | Killed Erica
  7137 | D:11     | Killed Urug
  7216 | D:11     | Killed Fannar
  7216 | D:11     | Reached skill level 10 in Fighting
  7239 | D:11     | Noticed an oklob plant
  7352 | D:11     | Reached XP level 12. HP: 77/116 MP: 3/3
  7612 | D:11     | Found a staircase to the Lair.
  7708 | D:12     | Noticed a two-headed ogre
  7748 | D:12     | Killed a two-headed ogre
  7984 | D:12     | Reached ***** piety under Makhleb
  7984 | D:12     | Reached skill level 12 in Axes
  8432 | D:13     | You fall into a shaft and drop 2 floors!
  8432 | D:15     | Entered Level 15 of the Dungeon
  8435 | D:15     | Noticed a rakshasa
  8491 | D:15     | Killed a rakshasa
  8556 | D:15     | Noticed a centaur warrior
  8560 | D:15     | Noticed a four-headed hydra
  8562 | D:15     | Noticed a two-headed ogre
  8581 | D:15     | Killed a two-headed ogre
  8706 | D:15     | Noticed a two-headed ogre
  8740 | D:15     | Reached XP level 13. HP: 46/127 MP: 3/3
  8788 | D:15     | Found a blossoming altar of Fedhas.
  8825 | D:15     | Reached skill level 13 in Axes
  8835 | D:15     | Reached skill level 10 in Shields
  8997 | D:15     | Found a staircase to the Depths.
  9060 | D:15     | Reached skill level 10 in Armour
  9496 | D:15     | Quit the game

Illustrated notes

Levels and vault maps discovered:
D:1:      minmay_arrival_stone_box, layout_basic
D:2:      minmay_kobold_bridge, layout_rooms, evilmike_ruin_ashenzari,
          chequers_ecumenical_altar_island, minmay_fractal_squares_gapless_5
D:3:      layout_rooms, led_sif_pool,
          nicolae_gozag_cash_rules_everything_around_me
D:4:      layout_basic, uniq_grinder, uniq_duvessa, uniq_sigmund, uniq_pikel
D:5:      layout_basic, minmay_temple_entry_stoned_glass,
          nicolae_ossuary_entry_ruins, hangedman_ru_absence, uniq_blork_the_orc,
          uniq_crazy_yiuf_cottage, uniq_eustachio
D:6:      layout_rooms, serial_bayou_pond_b, kennysheep_another_room,
          corner_web_ring, dk_noncrumbling_2, hangedman_glass_teeth,
          serial_bayou_pond_e
D:7:      layout_layer_cave, nicolae_dithmenos_the_darkroom,
          kennysheep_little_box
D:8:      layout_gridville, serial_shops, nicolae_shop_crystal
D:9:      layout_roguey, overflow_temple_1_default,
          chequers_temple_overflow_minitemple, erik_orc_2
D:10:     kennysheep_blocky_room, layout_rooms
D:11:     layout_rooms, dpeg_oklobed_lair, uniq_erica, uniq_fannar, uniq_urug
D:12:     layout_roguey, kennysheep_dice
D:13:     layout_basic, david_vaults_4
D:15:     gammafunk_enter_depths_forms, layout_irregular_city, abandoned_shop,
          minivault_16, fedhas_altar_1
Temple:   minmay_temple_bridge_abc

Skill      XL: |  1  2  3  4  5  6  7  8  9 10 11 12 13 |
---------------+----------------------------------------+-----
Fighting       | 3 4 5 6 7 9 10 11 | 11.6
Axes           | 3 4 5 6 7 9 10 11 12 13 | 13.3
Armour         | 4 5 6 7 8 9 10 | 10.0
Shields        | 4 5 6 7 8 9 10 | 10.2
Invocations    | 1 4 5 7 9 |  9.7
Evocations     | 2 4 6 8 9 |  9.1

Action                   |  1- 3 |  4- 6 |  7- 9 | 10-12 | 13-15 || total
-------------------------+-------+-------+-------+-------+-------++-------
Melee: War axe           |   118 |    43 |   429 |   981 |   135 ||  1706
Invok: Lesser Servant of |       |       |       |     5 |     3 ||     8
 Abil: Heal Wounds       |     1 |     4 |    15 |    54 |    16 ||    90
Evoke: Wand              |       |       |     7 |    14 |     5 ||    26
  Use: Scroll            |       |       |    13 |     9 |       ||    22
 Stab: Paralysed         |       |       |     2 |       |     1 ||     3
       Distracted        |       |       |       |     3 |     1 ||     4
Armor: Scale mail        |     6 |       |       |       |       ||     6
       Chain mail        |    50 |    19 |   134 |       |       ||   203
       Plate armour      |       |       |   106 |   811 |    88 ||  1005
Dodge: Dodged            |    21 |    13 |    95 |   279 |    50 ||   458
Block: Kite shield       |    63 |    28 |   231 |   727 |   120 ||  1169

Table legend: (Time is in decaauts)
 A = Elapsed time spent in this place.
 B = Non-inter-level travel time spent in this place.
 C = Inter-level travel time spent in this place.
 D = Time resting spent in this place.
 E = Time spent auto-exploring this place.
 F = Levels seen in this place.
 G = Mean time per level.
                   A        B        C        D        E       F      G
               +--------+--------+--------+--------+--------+-----+--------+
         Total |   9643 |   9185 |    458 |    147 |   5818 |  16 |  602.7 |
       Dungeon |   9238 |   8800 |    438 |    147 |   5547 |  14 |  659.9 |
        Temple |    203 |    183 |     20 |      0 |    179 |   1 |  203.0 |
       Ossuary |    201 |    201 |      0 |      0 |     92 |   1 |  201.0 |
               +--------+--------+--------+--------+--------+-----+--------+

Top non-repeatable levels by time:
     D:5: 1192 daAuts
    D:15: 1044 daAuts
     D:7: 916 daAuts
     D:8: 912 daAuts
     D:4: 881 daAuts
    D:10: 881 daAuts
     D:9: 803 daAuts
     D:6: 741 daAuts
    D:12: 593 daAuts
    D:11: 548 daAuts
     D:1: 327 daAuts
  Temple: 203 daAuts
 Ossuary: 201 daAuts
    D:13: 187 daAuts
     D:2: 144 daAuts
